 Dungeon Crawl Stone Soup version 0.30.0-13-g156ef70053 (webtiles) character file.

Game seed: 2104747128681444226

424 jagang the Conjurer (level 6, -1/43 HPs)
             Began as a Demonspawn Conjurer on May 17, 2023.
             Was an Initiate of Yredelemnul.
             Slain by a phantom (4 damage)
             ... on level 5 of the Dungeon.
             The game lasted 00:31:31 (4388 turns).

jagang the Conjurer (Demonspawn Conjurer)           Turns: 4388, Time: 00:31:31

Health: -1/43      AC:  3    Str: 14    XL:     6   Next: 64%
Magic:  0/11       EV: 12    Int: 21    God:    Yredelemnul [......]
Gold:   2          SH:  0    Dex: 11    Spells: 9/12 levels left

rFire   . . .        j - staff of death
rCold   . . .        (no shield)
rNeg    + . .        a - +0 robe
rPois   .            (helmet restricted)
rElec   .            (no cloak)
rCorr   .            f - +0 pair of gloves
SInv    +            (no boots)
Will    .....        (no amulet)
Stlth   ++           k - +6 ring of strength
HPRegen 0.27/turn    n - ring of see invisible
MPRegen 0.12/turn

%: no passive effects
@: attractive
A: antennae 1, demonic magic 2
a: Renounce Religion, Recall Undead Harvest


You were on level 5 of the Dungeon.
You worshipped Yredelemnul.
Yredelemnul was noncommittal.
You visited 2 branches of the dungeon, and saw 6 of its levels.

You collected 157 gold pieces.
You spent 155 gold pieces at shops.

Inventory:

Hand Weapons
 c - a +3 dagger of flaming
Armour
 a - a +0 robe (worn)
 f - a +0 pair of gloves (worn)
 h - a +0 chain mail
 o - a +0 plate armour
Magical Staves
 j - a staff of death (weapon)
Jewellery
 k - a +6 ring of strength (left hand)
 n - a ring of see invisible (right hand)
 v - an amulet of guardian spirit
Scrolls
 d - 2 scrolls of identify {unknown}
 e - 3 scrolls of brand weapon
 g - 2 scrolls of enchant armour {unknown}
 l - 3 scrolls of magic mapping {unknown}
 p - 2 scrolls of teleportation {unknown}
 q - a scroll of amnesia {unknown}
 s - a scroll of blinking
 w - a scroll of poison {unknown}
Potions
 b - a potion of magic
 i - a potion of lignification
 m - a potion of haste {unknown}
 r - a potion of mutation
 t - a potion of attraction
 u - a potion of might {unknown}
 x - a potion of berserk rage {unknown}


   Skills:
 - Level 1.1 Fighting
 + Level 1.5 Staves
 - Level 1.1 Armour
 + Level 2.9 Dodging
 - Level 1.7 Stealth
 * Level 3.9 Spellcasting
 + Level 4.8 Conjurations
 - Level 0.5 Necromancy
 + Level 2.6 Evocations


You had 9 spell levels left.
You knew the following spells:

 Your Spells              Type           Power      Damage    Failure   Level
a - Magic Dart            Conj           96%        1d7       1%          1
b - Searing Ray           Conj           48%        2d6       2%          2

Your spell library contained the following spells:

 Spells                   Type           Power      Damage    Failure   Level
 Dazzling Flash           Conj/Hex       28%        N/A       13%         3
 Cigotuvi's Dreadful Rot  Necr/Pois/Air  14%        N/A       17%         2
 Ignite Poison            Fire/Tmut/Pois 4%         N/A       36%         3
 Fulminant Prism          Conj/Hex       7%         3d7       41%         4
 Iskenderun's Mystic Bla  Conj/Tloc      14%        2d5       41%         4
 Freezing Cloud           Conj/Ice/Air   5%         6-21      86%         5


Dungeon Overview and Level Annotations

Branches:
Dungeon (5/15)             Temple (1/1) D:4

Altars:
Ashenzari
Dithmenos
Fedhas
Nemelex Xobeh
Qazlal
Ru
Sif Muna
Trog
Uskayaw
Vehumet
Wu Jian
Xom
Yredelemnul

Shops:
D:1 (   D:4 **


Innate Abilities, Weirdness & Mutations

You have a pair of small antennae on your head.
Spells you cast may paralyse nearby enemies.


Message History

The phantom closely misses you.
You hit the phantom but do no damage.
The phantom is heavily damaged.
Your adder zombie misses the phantom.
The phantom hits you.
* * * LOW HITPOINT WARNING * * *
Your adder zombie misses the phantom.
You hit the phantom.
The phantom is severely damaged.
The phantom closely misses you.
Your adder zombie barely misses the phantom.
You hit the phantom.
The phantom is severely damaged.
The phantom hits you.
* * * LOW HITPOINT WARNING * * *
Your adder zombie barely misses the phantom.
The phantom attacks as you move away! The phantom hits you.
* * * LOW HITPOINT WARNING * * *
Your adder zombie closely misses the phantom.
It was a potion of attraction.
You feel attractive to monsters. The phantom closely misses you.
Your adder zombie barely misses the phantom.
Casting: Magic Dart (safe; 1% risk of failure)
Confirm with . or Enter, or press ? or * to list all spells.
Aiming: Magic Dart (safe; 1% risk of failure)
Press: ? - help, Shift-Dir - straight line, f/p - phantom
Aim: a phantom (severely damaged, ally target, 100% to hit)
The magic dart hits the phantom.
The phantom is almost destroyed.
Malevolent energies surge around you. The phantom barely misses you.
Your adder zombie bites the phantom but does no damage.
You hit the phantom.
The phantom is almost destroyed.
The phantom closely misses you.
Your adder zombie closely misses the phantom.
You hit the phantom but do no damage.
The phantom is almost destroyed.
The phantom hits you.
You die...
Your body rises from the dead as a mindless zombie.

.### ...
###########.###
.................
..........)..#
#..........#
#.......@..# ....#
+.......W..# #...#
#.......Z<.# #...
#..........# #..#
#..........# #..#
#....).....# #..#
#..........#####..#
##.#.#.#.#........#
#..........#####..##.#


You could see a phantom (ally target) and a friendly adder zombie.

Vanquished Creatures
  An ogre (D:4)
  A jelly (D:4)
  Natasha (D:4)
  7 adders
  A worm (D:2)
  2 dart slugs
  2 orcs
  10 ball pythons
  8 bats
  5 endoplasms
  2 giant cockroaches (D:2)
  7 goblins
  7 hobgoblins
  4 quokkas
  5 frilled lizards
  11 kobolds
  8 rats
82 creatures vanquished.

Vanquished Creatures (collateral kills)
  A phantom (D:4)
  A hound (D:4)
  An iguana (D:4)
3 creatures vanquished.

Grand Total: 85 creatures vanquished

Notes
Turn   | Place    | Note
-------+----------+-------------------------------------------
     0 | D:1      | jagang the Demonspawn Conjurer began the quest for the Orb.
     0 | D:1      | Reached XP level 1. HP: 13/13 MP: 3/3
   336 | D:1      | Discovered your monstrous ancestry.
   336 | D:1      | Gained mutation: You have a pair of small antennae on your
                  | head. [demonic ancestry]
   336 | D:1      | Reached XP level 2. HP: 14/19 MP: 0/5
   659 | D:1      | Found a faded altar of an unknown god.
  1077 | D:1      | Found Yqumn's Weapon Emporium.
  1293 | D:2      | Gained mutation: Spells you cast may paralyse adjacent
                  | enemies. [demonic ancestry]
  1293 | D:2      | Reached XP level 3. HP: 6/24 MP: 0/6
  1438 | D:2      | Learned a level 2 spell: Searing Ray
  1716 | D:2      | Reached skill level 1 in Armour
  2067 | D:2      | Gained mutation: Spells you cast may paralyse nearby
                  | enemies. [demonic ancestry]
  2067 | D:2      | Reached XP level 4. HP: 28/30 MP: 0/8
  2459 | D:3      | Reached skill level 1 in Evocations
  3048 | D:4      | Found a staircase to the Ecumenical Temple.
  3094 | Temple   | Entered the Ecumenical Temple
  3147 | Temple   | Became a worshipper of Yredelemnul the Dark
  3165 | D:4      | Found Lamosig's General Store.
  3169 | D:4      | Bought a potion of mutation for 80 gold pieces
  3169 | D:4      | Bought a scroll of blinking for 75 gold pieces
  3186 | D:4      | Found Maicucuv's General Store.
  3275 | D:4      | Reached XP level 5. HP: 36/36 MP: 6/9
  3302 | D:4      | Noticed Natasha
  3306 | D:4      | Killed Natasha
  3306 | D:4      | Reached * piety under Yredelemnul
  3307 | D:4      | Reached skill level 1 in Fighting
  3343 | D:4      | Noticed a phantom
  3358 | D:4      | Killed a phantom
  3441 | D:4      | Reached skill level 1 in Staves
  3448 | D:4      | Reached XP level 6. HP: 43/43 MP: 3/11
  3842 | D:4      | Reached ** piety under Yredelemnul
  3880 | D:4      | Found a bloodstained altar of Trog.
  4190 | D:5      | Entered Level 5 of the Dungeon
  4383 | D:5      | HP: 2/43 [phantom (5)]
  4388 | D:5      | Slain by a phantom

Illustrated notes

Levels and vault maps discovered:
D:1:      lemuel_arrival_funnel, layout_basic, ebering_ecumenical_altar_box,
          serial_shops, nicolae_shop_bloodbath_and_beyond
D:2:      minmay_recursive_quarters, layout_rooms, lexackson_kobold_supper
D:3:      layout_rooms
D:4:      layout_basic, general_overflow_altar, minmay_temple_entry_grid,
          serial_shops, shop, nicolae_shop_pleasant_corner_grove,
          minmay_fountain_box, uniq_natasha
D:5:      layout_basic, serial_shops, nicolae_shop_statue_plus, serial_glass,
          glass_columns_a, glass_columns_a, glass_columns_c, glass_columns_c,
          glass_columns_b, glass_columns_a, ebering_dispersal_statue_hall,
          kennysheep_generic_room_12
Temple:   eino_temple_lava

Skill      XL: |  1  2  3  4  5 |
---------------+----------------+-----
Dodging        | 2 |  2.9
Armour         | 1 |  1.1
Evocations     | 1 2 |  2.6
Spellcasting   | 3 |  3.9
Fighting       | 1 |  1.1
Staves         | 1 |  1.5
Stealth        | |  1.7
Conjurations   | |  4.8
Necromancy     | |  0.5

Action                     |  1- 3 |  4- 6 || total
---------------------------+-------+-------++-------
  Melee: Dagger            |    12 |       ||    12
         Unarmed           |     3 |       ||     3
         Staff             |    24 |    52 ||    76
   Cast: Magic Dart        |    66 |    87 ||   153
         Searing Ray       |     4 |     6 ||    10
 Invoke: Recall Undead Har |       |     1 ||     1
    Use: Potion            |     1 |     1 ||     2
         Scroll            |       |     1 ||     1
   Stab: Paralysed         |     4 |    13 ||    17
         Sleeping          |       |     1 ||     1
 Armour: Robe              |    13 |    10 ||    23
         Skin              |    16 |       ||    16
  Dodge: Dodged            |    41 |    36 ||    77
